 Dungeon Crawl Stone Soup version 0.32-a0-673-g3729bd50f8 (webtiles) character file.

Game seed: 10364525543500933330

12855 tilp the Jinx (level 11, -1/87 HPs)
             Began as a Vampire Enchanter on Mar 10, 2024.
             Was a Priest of Wu Jian.
             Killed from afar by an oklob plant (26 damage)
             ... with a splash of acid
             ... on level 10 of the Dungeon.
             The game lasted 00:18:58 (12190 turns).

tilp the Jinx (Vampire Enchanter)                  Turns: 12190, Time: 00:18:59

Health: -1/87      AC:  8    Str:  7    XL:     11   Next: 67%
Magic:  20/20      EV: 13    Int: 29    God:    Wu Jian [***...]
Gold:   343        SH:  5    Dex: 20    Spells: 8/22 levels left

rFire   + . .        a - +5 dagger
rCold   . . .        I - +0 buckler
rNeg    . . .        G - +0 steam dragon scales
rPois   .            F - +2 helmet
rElec   .            (no cloak)
rCorr   .            (no gloves)
SInv    +            (no boots)
Will    +....        (no amulet)
Stlth   +++++        d - ring of protection from fire
HPRegen 0.54/turn    g - ring of Zethurr {Int+6 Dex+6}
MPRegen 0.17/turn

%: random rage (3%)
@: about to teleport, healing quickly
A: alive, fangs 3, see invisible, vampiric 2, berserk 1
a: Exsanguinate, Renounce Religion, Wall Jump, Serpent's Lash


You were on level 10 of the Dungeon.
You worshipped Wu Jian.
Wu Jian was most pleased with you.
You visited 2 branches of the dungeon, and saw 11 of its levels.
You also visited: Sewer.

You collected 579 gold pieces.
You spent 236 gold pieces at shops.

Inventory:

Hand Weapons
 a - a +5 dagger (weapon)
 b - a +2 scimitar of flaming
 l - a +1 dagger
 K - a +0 dagger of freezing
 O - a +4 scimitar of freezing
Missiles
 n - 15 javelins
 s - 21 poisoned darts (quivered)
 A - 7 darts of dispersal
 C - 2 curare-tipped darts {!f}
 E - 5 boomerangs
 H - 7 silver javelins
Armour
 t - a +2 robe of positive energy
 F - a +2 helmet (worn)
 G - +0 steam dragon scales (worn)
 I - a +0 buckler (worn)
Jewellery
 d - a ring of protection from fire (left hand)
 g - the ring of Zethurr (right hand) {Int+6 Dex+6}
   (You found it on level 3 of the Dungeon)

   [ring of intelligence]

   Int+6:     It affects your intelligence (+6).
   Dex+6:     It affects your dexterity (+6).
 o - a ring of resist corrosion
 B - a ring of flight
 L - a ring of ice
 N - a ring of wizardry
Wands
 p - a wand of warping (5)
 v - a wand of polymorph (8)
 w - a wand of paralysis (13)
 M - a wand of quicksilver (5)
Scrolls
 x - a scroll of amnesia
 y - 2 scrolls of teleportation
 z - 4 scrolls of revelation
Potions
 c - 2 potions of invisibility
 e - 3 potions of ambrosia
 f - 3 potions of attraction
 h - 3 potions of enlightenment
 i - 3 potions of resistance
 j - a potion of haste
 k - 4 potions of heal wounds
 m - 2 potions of magic
 r - a potion of mutation
 u - a potion of lignification
Miscellaneous
 J - a phantom mirror


   Skills:
 * Level 8.3 Fighting
 - Level 5.0(7.1) Short Blades
 * Level 7.1(7.8) Long Blades
 - Level 4.0 Dodging
 + Level 10.7 Stealth
 + Level 6.1 Spellcasting
 - Level 12.0 Hexes
 - Level 4.0 Translocations
 - Level 2.0 Ice Magic
 - Level 4.0 Evocations


You had 8 spell levels left.
You knew the following spells:

 Your Spells              Type           Power      Damage    Failure   Level
a - Ensorcelled Hibernat  Hex/Ice        98%        N/A       1%          2
b - Confusing Touch       Hex            68%        N/A       1%          3
c - Tukima's Dance        Hex            68%        N/A       1%          3
d - Dazzling Flash        Conj/Hex       86%        N/A       2%          3
e - Slow                  Hex            100%       N/A       1%          1
f - Blink                 Tloc           64%        N/A       2%          2

Your spell library contained the following spells:

 Spells                   Type           Power      Damage    Failure   Level
 Sigil of Binding         Hex            68%        N/A       1%          3
 Magic Dart               Conj           32%        1d4       10%         1
 Summon Small Mammal      Summ           32%        N/A       10%         1
 Call Imp                 Summ           16%        N/A       14%         2
 Sublimation of Blood     Necr           8%         N/A       14%         2
 Hailstorm                Conj/Ice       14%        3d6       19%         3
 Summon Ice Beast         Ice/Summ       14%        N/A       19%         3
 Call Canine Familiar     Summ           8%         N/A       28%         3
 Vampiric Draining        Necr           8%         2d6       28%         3
 Summon Blazeheart Golem  Fire/Summ      8%         N/A       67%         4
 Sculpt Simulacrum        Ice/Alch       7%         N/A       100%        6
 Summon Hydra             Summ           4%         N/A       100%        7


Dungeon Overview and Level Annotations

Branches:
Dungeon (10/15)            Temple (1/1) D:5            Lair (0/5) D:10
  Sewer (visited)
    Orc: D:9-12

Altars:
Ashenzari
Cheibriados
Dithmenos
Fedhas
Gozag
Hepliaklqana
Kikubaaqudgha
Makhleb
Nemelex Xobeh
Okawaru
Qazlal
Ru
Sif Muna
Trog
Uskayaw
Vehumet
Wu Jian
Xom
Yredelemnul

Shops:
D:4 *   D:6 [*(

Annotations:
D:6 dig vault
D:10 exclusion: oklob plant


Innate Abilities, Weirdness & Mutations

Your natural rate of healing is accelerated.
You have razor-sharp teeth.
You have supernaturally acute eyesight. (SInv)
You are afflicted with vampirism and can become a bat while bloodless.
You sometimes lose your temper in combat.


Message History

You cannot move. (Use ctrl+direction or * direction to attack while stationary and confused.) Unknown command.
You cannot move. (Use ctrl+direction or * direction to attack while stationary and confused.)
You cannot move. (Use ctrl+direction or * direction to attack while stationary and confused.) Unknown command.
You cannot move. (Use ctrl+direction or * direction to attack while stationary and confused.)
You cannot move. (Use ctrl+direction or * direction to attack while stationary and confused.) Unknown command.
You cannot move. (Use ctrl+direction or * direction to attack while stationary and confused.)
You cannot move. (Use ctrl+direction or * direction to attack while stationary and confused.)
Your magical effects are unravelling.
You feel magically purged.
You feel less wooden.
Your +2 helmet unmelds from your body.
Your +0 steam dragon scales unmelds from your body.
You feel yourself slow down.
You flicker back into view.
You feel less confused.
You are no longer corroded.
The golden eye blinks at you. You resist with almost no effort.
The unseen horror hits you.
* * * LOW HITPOINT WARNING * * *
Unknown command.
Aiming: Quicksilver Bolt
Press: ? - help, Shift-Dir - straight line, f/p - golden eye
Aim: a golden eye (42% to hit)
The bolt of dispelling energy misses the golden eye.
The unseen horror hits you but does no damage.
The unseen horror hits you.
* * * LOW HITPOINT WARNING * * *
Unknown command.
Unknown command.
You miss the golden eye. The golden eye blinks at you.
You resist with almost no effort.
Unknown command.
As you read the scroll of teleportation, it crumbles to dust.
You feel strangely unstable. The unseen horror hits you.
* * * LOW HITPOINT WARNING * * *
The oklob plant spits acid at you. The splash of acid hits you!!
You die...

#........########.#########
#......#............##.....
#........##########......##
########........###.##.#...
####................####
..............###.### #
..........(....##..## #
...............?##..####
.......@P........##.....
....(GP.x.........######
........!P.....$#.## ##
................#..# #.
.....P>.PP......##.####.
.......(........##......
......P.....!...##.....P
................##......
..............###......


You could see an oklob plant, an unseen horror (invisible) and a golden eye.

Vanquished Creatures
  Erica (D:10)
  2 two-headed ogres (D:8)
  Urug (D:10)
  Amaemon (D:10)
  Pikel (D:4)
  An ugly thing (D:9)
  An oklob plant (D:10)
  An orange demon (D:10)
  2 komodo dragons (D:10)
  2 trolls
  A slime creature (D:9)
  2 wyverns
  A wraith (D:9)
  2 vampires
  9 yaks (D:10)
  Grum (D:8)
  Eustachio (D:6)
  2 steam dragons
  3 vampire mosquitoes
  3 acid dragons
  3 orc warriors (D:9)
  2 ice beasts
  4 black bears
  An ogre (D:6)
  3 centaurs
  3 wolves (D:8)
  3 lemures (D:4)
  Blork the orc (D:5)
  3 kobold brigands
  2 brain worms (Sewer)
  4 bullfrogs
  4 scorpions
  5 wights
  5 killer bees
  4 howler monkeys
  A bombardier beetle (D:5)
  A jelly (D:5)
  6 orc priests
  A hound (D:4)
  3 sleepcaps
  4 iguanas
  10 orc wizards
  6 gnolls
  6 river rats
  11 adders
  4 dart slugs
  2 ribbon worms
  22 orcs
  9 ball pythons
  5 bats
  4 endoplasms
  7 giant cockroaches
  6 goblins
  6 hobgoblins
  3 jackals (Sewer)
  2 quokkas
  9 frilled lizards
  17 kobolds
  14 rats
244 creatures vanquished.

Vanquished Creatures (collateral kills)
  4 wights (D:7)
4 creatures vanquished.

Vanquished Creatures (others)
  3 dancing weapons
3 creatures vanquished.

Grand Total: 251 creatures vanquished

Notes
Turn   | Place    | Note
-------+----------+-------------------------------------------
     0 | D:1      | tilp the Vampire Enchanter began the quest for the Orb.
     0 | D:1      | Reached XP level 1. HP: 13/13 MP: 3/3
   273 | D:1      | Found a faded altar of an unknown god.
   344 | D:1      | Reached XP level 2. HP: 19/20 MP: 5/5
   347 | D:1      | Learned a level 2 spell: Ensorcelled Hibernation
  1044 | D:2      | Reached skill level 1 in Fighting
  1093 | D:2      | Gained mutation: You are afflicted with vampirism and can
                  | become a bat while bloodless. [Vampire growth]
  1093 | D:2      | Reached XP level 3. HP: 26/26 MP: 6/6
  1097 | D:2      | Learned a level 3 spell: Confusing Touch
  1127 | D:2      | Learned a level 1 spell: Slow
  1431 | D:2      | Reached XP level 4. HP: 32/32 MP: 4/7
  1579 | D:2      | Reached skill level 5 in Stealth
  2027 | D:3      | Identified the ring of Zethurr {Int+6 Dex+6}
  2349 | D:3      | Found a glowing drain.
  2358 | D:3      | Reached skill level 5 in Hexes
  2367 | D:3      | Reached skill level 1 in Ice Magic
  2370 | D:3      | Reached XP level 5. HP: 37/38 MP: 0/8
  2382 | D:3      | Learned a level 3 spell: Tukima's Dance
  2383 | Sewer    | Entered a sewer
  2731 | Sewer    | Reached XP level 6. HP: 24/45 MP: 2/10
  4121 | D:4      | Found a hazy altar of Hepliaklqana.
  4122 | D:4      | Found a sparkling altar of Nemelex Xobeh.
  4179 | D:4      | Identified the +2 pair of gloves of the Orb {rCorr Str+3
                  | Stlth-}
  4229 | D:4      | Found Wabaenn's Overcharged Wands.
  4445 | D:4      | Noticed Pikel
  4455 | D:4      | Killed Pikel
  4456 | D:4      | Reached skill level 6 in Hexes
  4456 | D:4      | Reached XP level 7. HP: 22/53 MP: 8/12
  4478 | D:4      | Learned a level 3 spell: Dazzling Flash
  4940 | D:4      | Found a burning altar of Makhleb.
  4940 | D:4      | Found a bloodstained altar of Trog.
  4941 | D:4      | Found a sacrificial altar of Ru.
  4942 | D:4      | Found a broken altar of Ashenzari.
  4944 | D:4      | Found a shimmering altar of Xom.
  4986 | D:5      | Entered Level 5 of the Dungeon
  5201 | D:5      | Found a stormy altar of Qazlal.
  5212 | D:5      | Reached XP level 8. HP: 56/60 MP: 8/13
  5443 | D:5      | Found a staircase to the Ecumenical Temple.
  5472 | D:5      | Reached skill level 5 in Short Blades
  5499 | Temple   | Entered the Ecumenical Temple
  5513 | Temple   | Became a worshipper of the Wu Jian Council
  5761 | D:5      | Noticed Blork the orc
  5768 | D:5      | Killed Blork the orc
  6002 | D:5      | Found a shadowy altar of Dithmenos.
  6178 | D:5      | Learned a level 2 spell: Blink
  6208 | D:6      | Found Tuej's Antique Weapon Shoppe.
  6228 | D:6      | Reached skill level 7 in Hexes
  6233 | D:6      | Reached skill level 5 in Fighting
  6280 | D:6      | Found Laal's General Store.
  6284 | D:6      | Bought a scroll of revelation for 105 gold pieces
  6317 | D:6      | Reached skill level 1 in Long Blades
  6334 | D:6      | Found Haih Soo's Antique Armour Boutique.
  6516 | D:6      | Reached skill level 1 in Evocations
  6628 | D:6      | Noticed Eustachio
  6769 | D:6      | Killed Eustachio
  6770 | D:6      | Reached skill level 1 in Translocations
  6770 | D:6      | Reached XP level 9. HP: 68/68 MP: 12/15
  7296 | D:7      | Reached skill level 8 in Hexes
  7663 | D:7      | Reached * piety under Wu Jian
  8340 | D:6      | Bought a helmet for 103 gold pieces
  8616 | D:8      | Noticed Grum
  8620 | D:8      | Killed Grum
  8623 | D:8      | Reached skill level 9 in Hexes
  8651 | D:8      | Noticed a two-headed ogre
  8702 | D:8      | Killed a two-headed ogre
  8703 | D:8      | Reached XP level 10. HP: 34/77 MP: 10/17
  8815 | D:8      | Reached skill level 5 in Spellcasting
  8875 | D:8      | Noticed a two-headed ogre
  8878 | D:8      | Killed a two-headed ogre
  8948 | D:8      | Reached skill level 10 in Hexes
  9290 | D:8      | Reached skill level 5 in Long Blades
  9470 | D:8      | Reached ** piety under Wu Jian
 10676 | D:9      | Noticed a red ugly thing
 10678 | D:9      | Killed a red ugly thing
 10679 | D:9      | Reached skill level 11 in Hexes
 10876 | D:6      | Bought a scroll of identify for 28 gold pieces
 10999 | D:10     | Entered Level 10 of the Dungeon
 11025 | D:10     | Reached XP level 11. HP: 84/84 MP: 16/19
 11027 | D:10     | Noticed Erica
 11051 | D:10     | Killed Erica
 11066 | D:10     | Reached skill level 10 in Stealth
 11264 | D:10     | Noticed an oklob plant
 11516 | D:10     | Noticed Urug
 11585 | D:10     | Found an ancient bone altar of Kikubaaqudgha.
 11625 | D:10     | Killed Urug
 11625 | D:10     | Reached *** piety under Wu Jian
 11679 | D:10     | Noticed Amaemon
 11702 | D:10     | Killed Amaemon
 11703 | D:10     | Reached skill level 12 in Hexes
 11844 | D:10     | Noticed an oklob plant
 11914 | D:10     | Found a staircase to the Lair.
 12161 | D:10     | Killed an oklob plant
 12179 | D:10     | Gained mutation: You sometimes lose your temper in combat.
                  | [potion of mutation]
 12190 | D:10     | Killed from afar by an oklob plant

Illustrated notes

Levels and vault maps discovered:
D:1:      dpeg_arrival_rhombus, layout_basic,
          shapermc_ecumenical_altar_hornbeckon, serial_bayou_lake_a
D:2:      layout_loops_ring
D:3:      layout_basic, portal_sewer_entry_b, grunt_decor_one_mirror
D:4:      layout_loops_ring, minitemple, nicolae_shop_overcharged_wands,
          uniq_pikel
D:5:      layout_loops_ring, lemuel_doored_altar, marbit_many_paths,
          minmay_temple_entry_large_hall, kennysheep_generic_room_6,
          uniq_blork_the_orc
D:6:      layout_loops_ring, good_gods_temple_1, serial_glass, glass_columns_a,
          glass_columns_c, due_unseen_surprise, serial_shops,
          nicolae_shop_behind_doors, nicolae_shop_tiny_statue_garden, shop,
          uniq_eustachio
D:7:      layout_basic, minmay_misc_feat_five, nicolae_titane
D:8:      layout_basic, kennysheep_nub, serial_bayou_pond_b, uniq_grum
D:9:      layout_irregular_city, kb_rosetta
D:10:     layout_rooms, overflow_temple_1_default,
          grunt_lair_entry_orc_guard_hut, disabler_island, uniq_erica,
          uniq_urug, uniq_amaemon, uniq_gastronok
Temple:   hellmonk_temple_rainy

Skill      XL: |  1  2  3  4  5  6  7  8  9 10 11 |
---------------+----------------------------------+-----
Fighting       | 1 2 3 4 5 6 7 8 |  8.3
Short Blades   | 2 3 4 5 |  5.0
Stealth        | 5 6 7 8 9 10 | 10.7
Hexes          | 5 6 7 9 11 12 | 12.0
Ice Magic      | 1 2 |  2.0
Dodging        | 3 4 |  4.0
Spellcasting   | 3 4 5 6 |  6.1
Long Blades    | 2 4 5 7 |  7.1
Evocations     | 1 2 3 4 |  4.0
Translocations | 1 2 3 4 |  4.0

Action                     |  1- 3 |  4- 6 |  7- 9 | 10-12 || total
---------------------------+-------+-------+-------+-------++-------
  Melee: Dagger            |   122 |   171 |   159 |   214 ||   666
         Bite              |    10 |    17 |    14 |    25 ||    66
  Throw: Dart              |       |       |       |     2 ||     2
   Cast: Ensorcelled Hiber |    12 |    31 |    45 |    60 ||   148
         Slow              |     1 |     1 |     2 |       ||     4
         Confusing Touch   |       |       |     7 |    11 ||    18
         Tukima's Dance    |       |       |     5 |     5 ||    10
         Dazzling Flash    |       |       |     1 |     7 ||     8
Ability: Lunge             |       |       |    23 |    27 ||    50
         Whirlwind         |       |       |     2 |     4 ||     6
  Evoke: Wand              |       |       |       |     2 ||     2
    Use: Scroll            |     2 |     8 |     6 |     4 ||    20
         Potion            |       |       |     1 |     9 ||    10
   Stab: Sleeping          |    14 |    31 |    44 |    46 ||   135
         Distracted        |       |     1 |       |       ||     1
         Confused          |       |       |     4 |     9 ||    13
         Invisible         |       |       |     1 |     7 ||     8
 Armour: Robe              |    72 |    66 |    84 |    34 ||   256
         Steam dragon scal |       |       |       |    99 ||    99
         Skin              |       |       |       |     7 ||     7
  Dodge: Dodged            |    62 |    84 |    95 |   108 ||   349
  Block: Buckler           |       |       |       |    30 ||    30

Table legend: (Time is in decaauts)
 A = Elapsed time spent in this place.
 B = Non-inter-level travel time spent in this place.
 C = Inter-level travel time spent in this place.
 D = Time resting spent in this place.
 E = Time spent auto-exploring this place.
 F = Levels seen in this place.
 G = Mean time per level.
                   A        B        C        D        E       F      G
               +--------+--------+--------+--------+--------+-----+--------+
         Total |  12311 |  11786 |    525 |   1092 |   8185 |  12 | 1025.9 |
       Dungeon |  10997 |  10499 |    498 |    996 |   7389 |  10 | 1099.7 |
        Temple |     28 |      1 |     27 |      0 |      0 |   1 |   28.0 |
         Sewer |   1285 |   1285 |      0 |     96 |    796 |   1 | 1285.0 |
               +--------+--------+--------+--------+--------+-----+--------+

Top non-repeatable levels by time:
     D:8: 1458 daAuts
   Sewer: 1285 daAuts
     D:7: 1224 daAuts
     D:5: 1181 daAuts
    D:10: 1167 daAuts
     D:6: 1140 daAuts
     D:1: 1058 daAuts
     D:3: 986 daAuts
     D:9: 930 daAuts
     D:4: 927 daAuts
     D:2: 921 daAuts
  Temple: 28 daAuts
